 Dungeon Crawl Stone Soup version 0.30-a0-341-g682706514a (webtiles) character file.

Game seed: 8878282889857015085

351 Lanoc the Reanimator (level 6, -5/32 HPs)
             Began as a Deep Elf Necromancer on Nov 4, 2022.
             Killed by nerve-wracking pain
             ... invoked by Grinder
              (13 damage)
             ... while paralysed by Grinder
             ... on level 3 of the Dungeon.
             The game lasted 00:04:04 (2802 turns).

Lanoc the Reanimator (Deep Elf Necromancer)         Turns: 2802, Time: 00:04:05

Health: -5/32      AC:  5    Str:  5    XL:     6   Next: 34%
Magic:  12/12      EV:  2    Int: 22    God:
Gold:   173        SH:  0    Dex: 15    Spells: 3/11 levels left

rFire   . . .      SeeInvis .    o - +4 quarterstaff (chaos)
rCold   . . .      Faith    .    (shield currently unavailable)
rNeg    . . .      Spirit   .    a - +0 robe
rPois   .          Reflect  .    (no helmet)
rElec   .          Harm     .    p - +0 cloak
rCorr   .          Rampage  .    c - +0 pair of gloves
Will    .....                    d - +0 pair of boots
Stlth   ++........               (no amulet)
HPRegen 0.25/turn                (no ring)
MPRegen 0.13/turn                (no ring)

@: paralysed, mighty
A: no striking features
a: no special abilities


You were on level 3 of the Dungeon.
You visited 1 branch of the dungeon, and saw 3 of its levels.

You collected 173 gold pieces.

Inventory:

Hand Weapons
 o - a +4 quarterstaff of chaos (weapon)
Armour
 a - a +0 robe (worn)
 c - a +0 pair of gloves (worn)
 d - a +0 pair of boots (worn)
 p - a +0 cloak (worn)
Scrolls
 e - 6 scrolls of noise {unknown}
 f - 2 scrolls of magic mapping {unknown}
 g - a scroll of fog {unknown}
 j - a scroll of immolation {unknown}
 l - 3 scrolls of identify {unknown}
 m - a scroll of poison {unknown}
 q - a scroll of brand weapon {unknown}
Potions
 b - a potion of magic
 i - a potion of lignification {unknown}
 n - a potion of resistance {unknown}


   Skills:
 + Level 5.0 Dodging
 - Level 2.4 Stealth
 - Level 3.0 Spellcasting
 * Level 8.1 Necromancy


You had 3 spell levels left.
You knew the following spells:

 Your Spells              Type           Power      Damage    Failure   Level
a - Necrotise             Necr           100%       1d9       1%          1
b - Vampiric Draining     Necr           39%        2d8       1%          3
c - Animate Dead          Necr           39%        N/A       4%          4

Your spell library contained the following spells:

 Spells                   Type           Power      Damage    Failure   Level
 Sting                    Tmut/Pois      12%        1d3       12%         1
 Poisonous Vapours        Pois/Air       6%         N/A       19%         2
 Gell's Gravitas          Tloc           3%         N/A       36%         3
 Lesser Beckoning         Tloc           6%         N/A       36%         3
 Teleport Other           Tloc           3%         N/A       36%         3
 Agony                    Necr           39%        N/A       12%         5
 Olgreb's Toxic Radiance  Pois           3%         N/A       77%         4


Dungeon Overview and Level Annotations

Branches:
Dungeon (3/15)

Altars:
Ashenzari
Sif Muna

Annotations:
D:3 Grinder


Message History

Grinder is lightly wounded.
Grinder hits you.
You writhe in agony.
You hit Grinder.
Grinder is lightly wounded.
Grinder gestures at you. You resist with some effort.
You hit Grinder but do no damage.
Grinder seems to speed up.
Grinder is lightly wounded.
Grinder hits you! Grinder gestures at you.
You suddenly lose the ability to move!
Grinder hits you.
You writhe in agony.
Grinder gestures at you. You resist with some effort. Grinder gestures at you.
You shrug off the repeated paralysis!
Grinder gestures at you. You resist with some effort. Grinder hits you.
* * * LOW HITPOINT WARNING * * *
You can move again.
Unknown command.
It was a potion of heal wounds.
You feel much better. Grinder gestures at you. Pain shoots through your body!
You feel much better. Grinder hits you. Grinder gestures at you.
Pain shoots through your body!
It was a potion of might.
You feel very mighty all of a sudden. Grinder hits you!
You writhe in agony.
* * * LOW HITPOINT WARNING * * *
You thump Grinder!
Grinder resists with some effort.
Grinder is heavily wounded.
Grinder misses you. Grinder gestures at you.
You suddenly lose the ability to move!
A worm comes into view.
Grinder gestures at you. Pain shoots through your body!
You die...

########............#
#..........<........#
#...................## ###
########.....................
..###..........................##
#.............#####............##
#####.........#####.............#
#...........5##.........#.#.#
#########.##@##..)......._..#
#.##.# ##.######.### ..##.# #.
#..# ....#.# ##.#####.## .....w..
........># ........# ########.#
#####.#..# #.# ...# #.# #.#


You could see Grinder (fast) and a worm (wandering).

Vanquished Creatures
  Sigmund (D:2)
  Crazy Yiuf (D:2)
  3 orc wizards (D:3)
  4 adders (D:2)
  A worm (D:2)
  A dart slug (D:1)
  3 orcs (D:3)
  6 endoplasms
  A giant cockroach (D:2)
  7 goblins
  4 hobgoblins
  2 jackals (D:1)
  3 quokkas (D:1)
  3 ball pythons
  8 bats
  A frilled lizard (D:1)
  2 kobolds
  4 rats
55 creatures vanquished.

Vanquished Creatures (collateral kills)
  A goblin (D:1)
  A jackal (D:1)
2 creatures vanquished.

Grand Total: 57 creatures vanquished

Notes
Turn   | Place    | Note
-------+----------+-------------------------------------------
     0 | D:1      | Lanoc the Deep Elf Necromancer began the quest for the Orb.
     0 | D:1      | Reached XP level 1. HP: 10/10 MP: 6/6
    11 | D:1      | Reached skill level 5 in Necromancy
   108 | D:1      | Reached XP level 2. HP: 15/15 MP: 4/8
   737 | D:1      | Reached XP level 3. HP: 19/19 MP: 6/9
  1348 | D:2      | Noticed Sigmund
  1364 | D:2      | Killed Sigmund
  1365 | D:2      | Reached skill level 7 in Necromancy
  1365 | D:2      | Reached XP level 4. HP: 12/24 MP: 3/10
  1365 | D:2      | Reached XP level 5. HP: 14/28 MP: 3/11
  1607 | D:2      | Learned a level 3 spell: Vampiric Draining
  1612 | D:2      | Learned a level 4 spell: Animate Dead
  1687 | D:2      | Found a runed translucent door.
  1688 | D:2      | Noticed Crazy Yiuf
  2150 | D:2      | Killed Crazy Yiuf
  2151 | D:2      | Reached XP level 6. HP: 32/32 MP: 6/12
  2339 | D:3      | Reached skill level 8 in Necromancy
  2516 | D:3      | Found a broken altar of Ashenzari.
  2575 | D:3      | Found a faded altar of an unknown god.
  2682 | D:3      | Found a shimmering blue altar of Sif Muna.
  2696 | D:3      | Reached skill level 5 in Dodging
  2790 | D:3      | Noticed Grinder
  2794 | D:3      | Paralysed by Grinder for 4 turns
  2801 | D:3      | Paralysed by Grinder for 3 turns
  2802 | D:3      | Killed from afar by Grinder

Illustrated notes

Levels and vault maps discovered:
D:1:      ebering_trefoil_3fold, layout_loops_corners, kennysheep_doodads
D:2:      layout_basic, minmay_heptomino_w4, uniq_crazy_yiuf_cottage,
          uniq_sigmund
D:3:      layout_basic, kennysheep_orc_sif_temple, ashenzari_altar_1,
          serial_corexii_hall, corexii_hall_statues_l, corexii_hall_statues_t,
          corexii_hall_statues_u, shapermc_ecumenical_altar_pompeii,
          uniq_grinder

Skill      XL: |  1  2  3  4  5  6 |
---------------+-------------------+-----
Necromancy     | 5 7 8 |  8.1
Dodging        | 3 4 5 |  5.0
Stealth        | |  2.4
Spellcasting   | |  3.0

Action                   |  1- 3 |  4- 6 || total
-------------------------+-------+-------++-------
Melee: Unarmed           |     1 |     1 ||     2
       Quarterstaff      |       |     5 ||     5
 Cast: Necrotise         |    49 |    51 ||   100
  Use: Potion            |     1 |     3 ||     4
Armor: Robe              |     3 |     3 ||     6
Dodge: Dodged            |     5 |    12 ||    17

Table legend: (Time is in decaauts)
 A = Elapsed time spent in this place.
 B = Non-inter-level travel time spent in this place.
 C = Inter-level travel time spent in this place.
 D = Time resting spent in this place.
 E = Time spent auto-exploring this place.
 F = Levels seen in this place.
 G = Mean time per level.
                   A        B        C        D        E       F      G
               +--------+--------+--------+--------+--------+-----+--------+
         Total |   2792 |   2750 |     42 |      0 |   2411 |   3 |  930.7 |
       Dungeon |   2792 |   2750 |     42 |      0 |   2411 |   3 |  930.7 |
               +--------+--------+--------+--------+--------+-----+--------+

Top non-repeatable levels by time:
     D:1: 1133 daAuts
     D:2: 1026 daAuts
     D:3: 633 daAuts
